 Dungeon Crawl Stone Soup version 0.30.1-11-g7821555f0a (webtiles) character file.

Game seed: 875123005756168881

1199 comborobin the Skirmisher (level 8, -3/44 HPs)
             Began as a Kobold Hunter on Nov 16, 2023.
             Slain by a black bear (8 damage)
             ... on level 6 of the Dungeon.
             The game lasted 00:04:19 (5553 turns).

comborobin the Skirmisher (Kobold Hunter)           Turns: 5553, Time: 00:04:20

Health: -3/44      AC:  5    Str:  5 (8)  XL:     8   Next: 72%
Magic:  8/8        EV: 14    Int: 13 (14) God:
Gold:   254        SH:  0    Dex: 17 (20) Spells: 7/7 levels left

rFire   . . .        a - +0 shortbow
rCold   . . .        (shield currently unavailable)
rNeg    . . .        c - +0 leather armour
rPois   .            o - +1 helmet {Int+3}
rElec   .            (no cloak)
rCorr   .            (no gloves)
SInv    .            (no boots)
Will    +....        (no amulet)
Stlth   +++          (no ring)
HPRegen 0.00/turn    (no ring)
MPRegen 0.11/turn

%: no passive effects
@: inhibited regen
A: small, no large weapons, nightstalker 3, strong-willed 1, inhibited
regeneration
a: no special abilities


You were on level 6 of the Dungeon.
You visited 1 branch of the dungeon, and saw 6 of its levels.

You collected 254 gold pieces.

Inventory:

Hand Weapons
 a - a +0 shortbow (weapon)
Armour
 c - a +0 leather armour (worn)
 o - a +1 helmet of intelligence (worn)
Magical Staves
 h - the staff of earth "Aferodd" {rF+ rCorr Int+2}
   (You found it on level 3 of the Dungeon)

   [staff of earth]

   Base accuracy: +5 Base damage: 5 Base attack delay: 1.2 This weapon's minimum
   attack delay (0.6) is reached at skill level 12.
   Int:       It affects your intelligence (+2).
   rF:        It protects you from fire.
   rCorr:     It protects you from acid and corrosion.
   It falls into the 'Staves' category.
   It is a two-handed weapon.
 s - a staff of fire
Jewellery
 j - an amulet of guardian spirit
Scrolls
 b - 3 scrolls of immolation
 e - 5 scrolls of identify
 i - a scroll of silence
 m - a scroll of enchant armour
 t - a scroll of fear
Potions
 d - 3 potions of degeneration
 g - 3 potions of curing
 k - a potion of heal wounds
 n - a potion of flight
 q - 2 potions of resistance {unknown}


   Skills:
 - Level 2.1 Fighting
 + Level 13.6 Ranged Weapons
 - Level 2.4 Dodging
 - Level 1.3 Stealth


You had 7 spell levels left.
You didn't know any spells.
Your spell library contained the following spells:

 Spells                   Type           Power      Damage    Failure   Level
 Kiss of Death            Conj/Necr      0%         2d5       45%         1
 Magic Dart               Conj           0%         1d3       45%         1
 Shock                    Conj/Air       0%         1d3       45%         1
 Slow                     Hex            0%         N/A       45%         1
 Sting                    Tmut/Pois      0%         1d3       45%         1
 Cigotuvi's Dreadful Rot  Necr/Pois/Air  0%         N/A       61%         2
 Poisonous Vapours        Pois/Air       0%         N/A       61%         2
 Searing Ray              Conj           0%         2d4       61%         2
 Confusing Touch          Hex            0%         N/A       83%         3
 Swiftness                Air            0%         N/A       83%         3
 Vampiric Draining        Necr           0%         2d6       83%         3
 Airstrike                Air            0%         2d(0-16)  99%         4
 Dispel Undead            Necr           0%         3d6       99%         4
 Fulminant Prism          Conj/Hex       0%         3d5       99%         4
 Olgreb's Toxic Radiance  Pois           0%         N/A       99%         4
 Death Channel            Necr           0%         N/A       100%        6


Dungeon Overview and Level Annotations

Branches:
Dungeon (6/15)
 Temple: D:4-7

Altars:
Ashenzari
Fedhas
Kikubaaqudgha
Vehumet

Shops:
D:2 (


Innate Abilities, Weirdness & Mutations

You are small and have problems with some larger weapons.
You are completely attuned to the shadows.
You are strong-willed. (Will+)
You do not regenerate when monsters are visible.


Message History

The scorpion stings you but does no damage.
The black bear goes berserk!
Fire: a) +0 shortbow
Press: ? - help, Q - select action Shift-Dir - straight line, f/p - scorpion
Aim: a scorpion (heavily wounded, 67% to hit)
You shoot an arrow.
The arrow hits the scorpion but does no damage.
The scorpion is heavily wounded.
You feel sick.
You are no longer poisoned.
The scorpion stings you.
* * * LOW HITPOINT WARNING * * *
Fire: a) +0 shortbow
Press: ? - help, Q - select action Shift-Dir - straight line, f/p - scorpion
Aim: a scorpion (heavily wounded, 67% to hit)
You shoot an arrow. The arrow closely misses the scorpion.
The arrow hits the black bear!
The black bear is almost dead.
The scorpion stings you but does no damage.
Fire: a) +0 shortbow
Press: ? - help, Q - select action Shift-Dir - straight line, f/p - scorpion
Aim: a scorpion (heavily wounded, 67% to hit)
You shoot an arrow. The arrow hits the scorpion.
The scorpion is almost dead.
The scorpion stings you.
* * * LOW HITPOINT WARNING * * *
Fire: a) +0 shortbow
Press: ? - help, Q - select action Shift-Dir - straight line, f/p - scorpion
Aim: a scorpion (almost dead, 67% to hit)
You shoot an arrow.
The arrow hits the scorpion but does no damage.
The scorpion is almost dead.
The scorpion barely misses you. The scorpion misses you.
Fire: a) +0 shortbow
Press: ? - help, Q - select action Shift-Dir - straight line, f/p - scorpion
Aim: a scorpion (almost dead, 67% to hit)
You shoot an arrow. The arrow hits the scorpion.
You kill the scorpion!
The black bear bites you!
You die...

...#. #.#####..####.#
.... #.# #...<...# . #..#
#####.# #..###..# ..##..#
......# #..# #..# ......#
#####.#####..# #..#
####..# #........###..#
#..# ####..........#
#..########........###.##
#........h@............#
#..>....################
#########


You could see a black bear (berserk).

Vanquished Creatures
  The ghost of NotreDorf the Ducker, a novice MfVM (D:6)
  Sigmund (D:3)
  2 ogres
  A centaur (D:5)
  A phantom (D:6)
  3 scorpions
  The ghost of Dillybarz the Shield-Bearer, a weakling MiFi (D:3)
  A hound (D:5)
  2 jellies
  A sleepcap (D:4)
  An iguana (D:6)
  An orc wizard (D:3)
  4 adders
  A white imp (D:3)
  4 dart slugs
  8 orcs
  8 ball pythons
  8 bats
  3 endoplasms
  6 giant cockroaches
  8 goblins
  3 hobgoblins
  A jackal (D:4)
  3 frilled lizards
  8 kobolds
  8 rats
89 creatures vanquished.

Notes
Turn   | Place    | Note
-------+----------+-------------------------------------------
     0 | D:1      | comborobin the Kobold Hunter began the quest for the Orb.
     0 | D:1      | Reached XP level 1. HP: 12/12 MP: 1/1
   105 | D:1      | Reached XP level 2. HP: 17/17 MP: 2/2
   121 | D:1      | Reached skill level 6 in Ranged Weapons
   480 | D:1      | Reached XP level 3. HP: 21/21 MP: 3/3
   807 | D:2      | Found Tuefara's Weapon Shop.
   872 | D:2      | Found a faded altar of an unknown god.
  1398 | D:3      | Reached skill level 7 in Ranged Weapons
  1481 | D:3      | Reached XP level 4. HP: 26/26 MP: 4/4
  1495 | D:3      | Noticed Sigmund
  1514 | D:3      | Killed Sigmund
  1515 | D:3      | Reached skill level 9 in Ranged Weapons
  1515 | D:3      | Reached XP level 5. HP: 30/30 MP: 5/5
  1515 | D:3      | Reached XP level 6. HP: 35/35 MP: 6/6
  1543 | D:3      | Found a runed translucent door.
  1544 | D:3      | Noticed Dillybarz's ghost (weakling MiFi)
  1681 | D:3      | Killed Dillybarz's ghost
  1826 | D:3      | Identified the staff of earth "Aferodd" {rF+ rCorr Int+2}
  2109 | D:4      | Noticed an ogre
  2293 | D:4      | Found a blossoming altar of Fedhas.
  2295 | D:4      | Found a radiant altar of Vehumet.
  2298 | D:4      | Found an ancient bone altar of Kikubaaqudgha.
  2407 | D:4      | Killed an ogre
  2408 | D:4      | Reached skill level 10 in Ranged Weapons
  2408 | D:4      | Reached XP level 7. HP: 17/40 MP: 7/7
  2515 | D:4      | Found a broken altar of Ashenzari.
  3390 | D:5      | Entered Level 5 of the Dungeon
  3477 | D:5      | Reached skill level 11 in Ranged Weapons
  4319 | D:5      | Reached skill level 12 in Ranged Weapons
  4319 | D:5      | Reached XP level 8. HP: 15/44 MP: 8/8
  4581 | D:6      | Found a runed translucent gate.
  4581 | D:6      | Found a runed translucent gate.
  4581 | D:6      | Found a runed translucent gate.
  4586 | D:6      | Noticed NotreDorf's ghost (novice MfVM)
  4610 | D:6      | Killed NotreDorf's ghost
  4611 | D:6      | Reached skill level 13 in Ranged Weapons
  5068 | D:6      | Gained mutation: You are strong-willed. (Will+) [potion of
                  | mutation]
  5068 | D:6      | Gained mutation: You do not regenerate when monsters are
                  | visible. [potion of mutation]
  5553 | D:6      | Slain by a black bear

Illustrated notes

Levels and vault maps discovered:
D:1:      mrwooster_arrival_statue_3, layout_loops_ring
D:2:      layout_basic, dreamdust_ecumenical_altar_angels_and_demons,
          serial_shops, shop
D:3:      layout_rooms, ebering_ghost_inner_flame, uniq_sigmund
D:4:      layout_loops_ring, nicolae_ashenzari_panopticon,
          grunt_temple_overflow_open, minmay_diced_spiral
D:5:      layout_basic
D:6:      layout_loops_ring, nemelex_diamond_rough_becter,
          ebering_ghost_rock_garden

Skill      XL: |  1  2  3  4  5  6  7  8 |
---------------+-------------------------+-----
Ranged Weapons | 6 7 9 10 12 13 | 13.6
Fighting       | |  2.1
Dodging        | |  2.4
Stealth        | |  1.3

Action                     |  1- 3 |  4- 6 |  7- 9 || total
---------------------------+-------+-------+-------++-------
  Melee: Unarmed           |       |    20 |    11 ||    31
   Fire: Shortbow          |    92 |    66 |   137 ||   295
    Use: Potion            |     2 |     7 |     7 ||    16
         Scroll            |     2 |     1 |     6 ||     9
 Armour: Leather armour    |    11 |     2 |    25 ||    38
         Skin              |       |    20 |     9 ||    29
  Dodge: Dodged            |    25 |    14 |    75 ||   114
